 Dungeon Crawl Stone Soup version 0.21-a0-265-gb353147 (console) character file.

837 wup the Spear-Bearer (level 7, -3/55 HPs)
             Began as a Merfolk Skald on Sept 10, 2017.
             Was a Follower of Okawaru.
             Slain by a killer bee (8 damage)
             ... on level 4 of the Dungeon.
             The game lasted 00:18:03 (5618 turns).

wup the Spear-Bearer (Merfolk Skald)                Turns: 5618, Time: 00:18:04

Health: -3/55      AC:  5    Str: 11    XL:     7   Next: 99%
Magic:  0/10       EV: 13    Int: 13    God:    Okawaru [*.....]
Gold:   172        SH:  0    Dex: 15    Spells: 5/10 levels left

rFire    . . .     SeeInvis .   v - +0 trident
rCold    . . .     Gourm    .   (no shield)
rNeg     . . .     Faith    .   b - +0 leather armour
rPois    .         Spirit   .   (no helmet)
rElec    .         Reflect  .   (no cloak)
rCorr    .         Harm     .   o - +0 pair of gloves
MR       .....                  f - +0 pair of boots
Stlth    +.........             (no amulet)
HPRegen  0.18/turn              (no ring)
MPRegen  0.12/turn              (no ring)

@: lethally poisoned (-3 -> -16), infused
A: change form in water, swift swim, stealthy swim
a: Heroism, Renounce Religion


You were on level 4 of the Dungeon.
You worshipped Okawaru.
Okawaru was aware of your devotion.
You were hungry.

You visited 2 branches of the dungeon, and saw 6 of its levels.

You collected 217 gold pieces.
You spent 45 gold pieces at shops.

Inventory:

Hand Weapons
 a - a +0 spear
 v - a +0 trident (weapon)
Armour
 b - a +0 leather armour (worn)
 f - a +0 pair of boots (worn)
 o - a +0 pair of gloves (worn)
 w - a +0 buckler
 B - a +1 robe of magic resistance
Jewellery
 h - an uncursed amulet of guardian spirit
Wands
 u - a wand of acid (9/15)
 z - a wand of flame (13/48)
Scrolls
 i - 4 scrolls of remove curse {unknown}
 k - 3 scrolls of recharging {unknown}
 l - 3 scrolls of identify {unknown}
 n - 2 scrolls of immolation {unknown}
 r - 2 scrolls of enchant weapon {unknown}
 s - a scroll of noise {unknown}
 t - a scroll of fog {unknown}
 x - a scroll of magic mapping {unknown}
 y - a scroll of enchant armour {unknown}
Potions
 e - a potion of heal wounds
 g - 2 potions of curing
 j - a potion of invisibility {unknown}
 p - a potion of agility {unknown}
 q - a potion of magic {unknown}
Books
 c - a book of Battle

   Spells                             Type                      Level
   a - Infusion                       Charms                       1
   b - Shroud of Golubria             Charms/Translocation         2
   c - Song of Slaying                Charms                       2
   d - Spectral Weapon                Hexes/Charms                 3
   e - Regeneration                   Charms/Necromancy            3
Comestibles
 d - 7 bread rations
 m - 3 fruits


   Skills:
 + Level 4.3 Fighting
 + Level 10.0 Polearms
 - Level 0.6 Armour
 - Level 4.0 Dodging
 - Level 2.0 Spellcasting
 - Level 5.0 Charms
 + Level 0.2 Invocations


You had 5 spell levels left.
You knew the following spells:

 Your Spells              Type           Power        Failure   Level  Hunger
a - Infusion              Chrm           ##..         4%          1    ##.....
b - Shroud of Golubria    Chrm/Tloc      #.........   19%         2    ###....
c - Song of Slaying       Chrm           ##......     6%          2    ###....


Dungeon Overview and Level Annotations

Branches:
Dungeon (5/15)             Temple (1/1) D:5

Altars:
Dithmenos
Elyvilon
Fedhas
Gozag
Hepliaklqana
Kikubaaqudgha
Makhleb
Nemelex Xobeh
Okawaru
Qazlal
Ru
Sif Muna
Trog
Uskayaw
Wu Jian
Xom
Yredelemnul
Zin

Shops:
D:4 =

Annotations:
D:4 Eustachio; fffffffffffffff's ghost, amateur DECj


Message History

You closely miss the killer bee.
The killer bee is lightly wounded.
The killer bee completely misses you.
You hit the killer bee.
The killer bee is moderately wounded.
The killer bee misses you. The killer bee stings you.
* * * LOW HITPOINT WARNING * * *
You are more poisoned.
The killer bee poisons you!
You hit the killer bee.
The killer bee is severely wounded.
You feel sick. The killer bee stings you.
* * * LOW HITPOINT WARNING * * *
You are more poisoned.
The killer bee poisons you! The killer bee closely misses you.
You hit the killer bee but do no damage.
The killer bee is severely wounded.
* * * LOW HITPOINT WARNING * * *
You feel sick. The killer bee stings you!
You die...

#$$$# ####.........#
##$$$## #.......####.#
###$### #.......# #.#
#.###.# #.......####.#
#.._..# #...>...+.....
#.....###.......####.#
###'####........# #.#
#.###.........# #.#
#..@y.........# #.#
#########.....####.#
#.....'.....
#########.....####..
#.............# ##..
#.............###..#
#..........#####..##
#..........# #......
#..........###......


You could see a killer bee.

Vanquished Creatures
  Sigmund (D:5)
  The ghost of charan the Magician, an amateur DEAE (D:3)
  3 killer bees
  3 hounds
  2 centaur skeletons (D:4)
  An orc wizard (D:4)
  12 adders
  4 oozes
  4 worms
  5 dart slugs
  3 leopard geckos
  12 orcs
  A ball python (D:2)
  5 bats
  A bat skeleton (D:2)
  8 giant cockroaches
  8 goblins
  4 hobgoblins
  3 quokkas (D:2)
  5 frilled lizards
  7 kobolds
  5 rats
98 creatures vanquished.

Vanquished Creatures (others)
  A quokka (D:4)
1 creature vanquished.

Grand Total: 99 creatures vanquished

Notes
Turn   | Place    | Note
-------+----------+-------------------------------------------
     0 | D:1      | wup the Merfolk Skald began the quest for the Orb.
     0 | D:1      | Reached XP level 1. HP: 16/16 MP: 3/3
    64 | D:1      | Reached skill level 4 in Polearms
    64 | D:1      | Reached XP level 2. HP: 22/22 MP: 0/5
   249 | D:2      | Reached skill level 5 in Polearms
   249 | D:2      | Reached XP level 3. HP: 20/27 MP: 0/6
  1051 | D:2      | Reached skill level 6 in Polearms
  1051 | D:2      | Reached XP level 4. HP: 33/33 MP: 2/7
  1464 | D:2      | Reached skill level 7 in Polearms
  1591 | D:2      | Reached XP level 5. HP: 33/38 MP: 0/8
  2146 | D:3      | Reached skill level 8 in Polearms
  2404 | D:3      | Noticed charan's ghost (amateur DEAE)
  2548 | D:3      | Killed charan's ghost
  2548 | D:3      | Reached XP level 6. HP: 17/44 MP: 3/9
  3009 | D:4      | Learned a level 2 spell: Shroud of Golubria
  3012 | D:4      | Learned a level 2 spell: Song of Slaying
  3121 | D:4      | Noticed Eustachio
  3443 | D:4      | Reached skill level 5 in Charms
  3443 | D:4      | Reached XP level 7. HP: 47/52 MP: 10/10
  3480 | D:4      | Noticed fffffffffffffff's ghost (amateur DECj)
  4800 | D:4      | Found Hahuem's Jewellery Emporium.
  4805 | D:4      | Bought a cursed ring of loudness for 45 gold pieces
  4876 | D:4      | Found an opulent altar of Gozag.
  4885 | D:5      | Entered Level 5 of the Dungeon
  4916 | D:5      | Found a staircase to the Ecumenical Temple.
  4935 | Temple   | Entered the Ecumenical Temple
  5073 | Temple   | Became a worshipper of Warmaster Okawaru
  5104 | D:5      | Noticed Sigmund
  5165 | D:5      | Killed Sigmund
  5165 | D:5      | Reached skill level 9 in Polearms
  5447 | D:4      | Found a glowing silver altar of Zin.
  5572 | D:5      | Reached * piety under Okawaru
  5601 | D:4      | Reached skill level 10 in Polearms
  5604 | D:4      | HP: 2/55 [killer bee (7)]
  5618 | D:4      | Slain by a killer bee

Vault maps used:
D:1:      minmay_arrival_three_doors, st_stairs_3
D:2:      minmay_tromino_i2
D:3:      serial_glass, glass_columns_a, glass_columns_c, feat_on_display,
          feat_on_display, first_bread
D:4:      lemuel_round_altar, zin_treasury, serial_shops, nicolae_shop_crystal,
          portal_sewer_entry_e, kennysheep_decorative_pillar, uniq_eustachio
D:5:      minmay_temple_entry_trees, serial_shops, nicolae_shop_trees,
          uniq_menkaure, uniq_sigmund, uniq_edmund
Temple:   nicolae_temple_elliptical

Skill      XL: |  1  2  3  4  5  6  7 |
---------------+----------------------+-----
Polearms       | 4 5 6 7 8 10 | 10.0
Dodging        | 4 |  4.0
Charms         | 4 5 |  5.0
Fighting       | 3 4 |  4.3
Armour         | |  0.6
Spellcasting   | |  2.0
Invocations    | |  0.2

Action                   |  1- 3 |  4- 6 |  7- 9 || total
-------------------------+-------+-------+-------++-------
Melee: Spear             |    92 |   201 |       ||   293
       Trident           |       |    29 |   111 ||   140
 Cast: Infusion          |     8 |    20 |    12 ||    40
       Shroud of Golubri |       |       |     2 ||     2
       Song of Slaying   |       |       |     1 ||     1
Invok: Heroism           |       |       |     1 ||     1
  Use: Potion            |       |       |     4 ||     4
 Stab: Sleeping          |       |     2 |       ||     2
  Eat: Chunk             |     1 |     8 |     7 ||    16
Armor: Leather armour    |    22 |    30 |    34 ||    86
Dodge: Dodged            |    44 |    63 |   101 ||   208

Table legend:
 A = Spawn XP
 B = Non-spawn XP
 C = Spawn XP percentage of total XP
 D = Spawn monster count
 E = Non-spawn monster count
 F = Spawn count percentage of total count
 G = Total turns spent on level
                    A         B        C        D         E        F      G
               +---------+---------+-------+---------+---------+-------+---------
         Total |       0 |    1196 |   0.0 |       0 |      98 |   0.0 |  5618
               +---------+---------+-------+---------+---------+-------+---------
           D:1 |       0 |      46 |   0.0 |       0 |      22 |   0.0 |   902
           D:2 |       0 |     151 |   0.0 |       0 |      29 |   0.0 |  1167
           D:3 |       0 |     299 |   0.0 |       0 |      28 |   0.0 |  2281
           D:4 |       0 |     356 |   0.0 |       0 |      13 |   0.0 |   691
           D:5 |       0 |     344 |   0.0 |       0 |       6 |   0.0 |   431
               +---------+---------+-------+---------+---------+-------+---------
